AoeStats
← Food, please

Arena

507719277Analyzed
2v2 RM · 11d ago on Sep 19, 2026· 32m 2s· 4 players
Game mode
Random Map
Map size
Medium (4 player)
Population
200
Speed
Normal
Resources
Standard
Victory
Conquest
Starting age
Dark Age
Ending age
Imperial Age
RankedLock teamsTeams togetherTeam positionsShared explorationLock speedFull tech treeHidden civsTurbo modeCheats
Victory
Defeat
🇹🇼 Tupi · Taiwan
1283
+18
🇹🇷 Teutons · Türkiye
1266
+18
🇮🇶 Burgundians · Iraq
1339
-19
🇹🇷 Chinese · Türkiye
1297
-17
frankwindchlu
10:27 Feudal Age
8:58 Loom
14:37 Castle Age
13:25 Double-Bit Axe
22:29 Horse Collar
25:11 Bow Saw
25:40 Gold Mining
26:35 Fletching
27:23 Bodkin Arrow
29:44 Heavy Plow
30:20 Gold Shaft Mining
31:00 Wheelbarrow
34:45 Imperial Age
AD-73
3:18 Loom
10:33 Feudal Age
14:38 Castle Age
13:24 Double-Bit Axe
13:21 Horse Collar
17:00 Bow Saw
20:32 Wheelbarrow
21:42 Heavy Plow
24:17 Squires
25:47 Gold Mining
27:25 Bloodlines
27:58 Hand Cart
27:41 Town Watch
31:39 Imperial Age
30:19 Scale Barding Armor
30:25 Forging
31:24 Stone Mining
32:02 Chain Barding Armor
32:12 Fortified Wall
32:48 Iron Casting
32:05 Fletching
32:16 Padded Archer Armor
Food, please
10:26 Feudal Age
14:33 Castle Age
12:26 Double-Bit Axe
12:24 Horse Collar
12:54 Loom
14:00 Man-at-Arms
15:16 Squires
22:40 Wheelbarrow
25:12 Forging
25:09 Gold Mining
24:59 Cavalier
26:14 Scale Barding Armor
27:00 Gold Shaft Mining
27:16 Husbandry
1996
10:24 Feudal Age
14:27 Castle Age
13:16 Double-Bit Axe
13:51 Horse Collar
15:22 Bow Saw
15:13 Heavy Plow
16:55 Stone Mining
19:49 Sanctity
23:47 Wheelbarrow
25:08 Hand Cart
28:53 Imperial Age
26:13 Town Watch
26:14 Loom
27:49 Stone Shaft Mining
27:04 Gold Mining
27:22 Fletching
27:33 Padded Archer Armor
28:14 Gold Mining
28:48 Ballistics
28:39 Masonry
29:36 Fortified Wall
29:14 Elite Chu Ko Nu
30:24 Bodkin Arrow
30:46 Leather Archer Armor
Connection lost

Rejoining the realm…

Still unreachable

The connection could not be restored.

Session expired

The server has moved on; the page needs a fresh start.